 Dungeon Sprint DCSS version 0.24-a0-244-ga6a6ab7 (webtiles) character file.

Game seed: 4295470281035607975

73746 MikeHunt the Severer (level 14, -24/229 HPs)
             Began as a Deep Dwarf Berserker on Apr 10, 2019.
             Was the Champion of Trog.
             Annihilated by an Ice Fiend (52 damage)
             ... summoned by a deep elf demonologist
             ... in the Dungeon (Sprint III: "The Ten Rune Challenge").
             The game lasted 00:25:51 (2759 turns).

MikeHunt the Severer (Deep Dwarf Berserker)         Turns: 2759, Time: 00:25:51

Health: -24/229    AC: 23    Str: 26    XL:     14   Next: 2%
Magic:  8/8        EV: 24    Int:  7    God:    Trog [******]
Gold:   1266       SH:  0    Dex: 20    Spells: 13/13 levels left

rFire    . . .     SeeInvis .   a - +14 battleaxe "Ojelah" {god gift, elec, rN+ Dex+4}
rCold    . . .     Gourm    .   (shield currently unavailable)
rNeg     + + +     Faith    .   B - +2 plate armour {rN+}
rPois    .         Spirit   .   D - +1 hat
rElec    .         Reflect  .   (no cloak)
rCorr    .         Harm     .   b - +0 pair of gloves
MR       ++++.     Clarity  +   (no boots) Stlth ..........NoTele +
                                (no amulet)
HPRegen  1.00/turn              u - +4 ring of evasion
MPRegen  0.11/turn              (no ring)

@: berserking, flying, non-regenerating, very quick
A: damage resistance, heal wounds, blurry vision 1, clarity, dopey 1, low mp 1,
negative energy resistance 1, sense surroundings 2, no regeneration
}: 2/10 runes: decaying, serpentine
a: Heal Wounds, Berserk, Trog's Hand, Brothers in Arms, Renounce Religion


You were in the Dungeon.
You worshipped Trog.
Trog was exalted by your worship.
You were hungry.

You visited 1 branch You collected 2756 gold pieces.
You spent 1490 gold pieces at shops.

Inventory:

Hand Weapons
 a - the +14 battleaxe "Ojelah" (weapon) {god gift, elec, rN+ Dex+4}
   (Trog gifted it to you in the Dungeon)

   Occasionally, upon striking a foe, it will discharge some electrical energy
   and cause terrible harm.
   It affects your dexterity (+4).
   It protects you from negative energy.
 d - a +4 lajatang of distortion {god gift}
 w - a +2 executioner's axe of freezing {god gift}
 x - a +0 blowgun
 z - a +3 vampiric broad axe {god gift, !w}
 E - a +6 battleaxe of flaming {god gift}
 F - a +6 antimagic battleaxe {god gift}
Missiles
 j - 3 javelins of penetration {god gift}
 r - 5 steel javelins
 s - 8 steel tomahawks (quivered) {god gift}
 y - 7 curare-tipped needles
 A - 14 poisoned javelins {god gift}
Armour
 b - a +0 pair of gloves (worn)
 B - a +2 plate armour of positive energy (worn)
 D - a +1 hat (worn)
Jewellery
 u - a +4 ring of evasion (left hand)
Wands
 q - a wand of clouds (7)
Scrolls
 i - 2 scrolls of blinking
 l - a scroll of holy word {unknown}
 m - 2 scrolls of remove curse {unknown}
 o - a scroll of immolation {unknown}
 p - a scroll of identify {unknown}
Potions
 e - a potion of heal wounds
 f - a potion of haste
 g - 2 potions of magic
 h - a potion of berserk rage
 k - 5 potions of mutation
 n - 2 potions of might
 t - 2 potions of flight
Comestibles
 c - 18 rations


   Skills:
 + Level 17.2 Fighting
 - Level 20.1 Axes
 + Level 13.2 Throwing
 + Level 18.3 Armour
 + Level 17.7 Dodging


You had 13 spell levels left.
You didn't know any spells.
Your spell library was empty.

Dungeon Overview and Level Annotations

Branches:
Dungeon (1/1)

Altars:
Dithmenos
Elyvilon
Fedhas
Kikubaaqudgha
Okawaru
Qazlal
Ru
Sif Muna
Trog
Uskayaw
Vehumet
Wu Jian
Yredelemnul
Zin
The Shining One
Beogh

Shops:
D [!:(=![


Innate Abilities, Weirdness & Mutations

You are resistant to damage.
You can heal yourself by infusing magical energy.
You resist negative energy. (rN+)
You passively map the area around you.
You do not regenerate.
Scrolls take you a little longer to read.
You possess an exceptional clarity of mind.
You are dopey. (Int -2)
Your magical capacity is low. (-10% MP)


Message History

* * * LOW HITPOINT WARNING * * *
Unknown command.
Unknown command.
The red devil hops backward while attacking.
The red devil completely misses you.
The deep elf demonologist gestures wildly while chanting.
The red devil hits you but does no damage.
Things that are here:
a +1 scimitar of venom; a +0 robe of cold resistance; an elf corpse Unknown command.
Unknown command.
You barely miss the Ice Fiend. You slice the red devil!!
You slice the ice devil!! You slash the Brimstone Fiend!
The red devil disappears in a puff of smoke!
The Brimstone Fiend barely misses you. The Brimstone Fiend misses you. x2
The Ice Fiend claws you but does no damage.
The Ice Fiend claws you!
* * * LOW HITPOINT WARNING * * *
The Ice Fiend freezes you!!!
You die...

▓▓▓▓ ...####################
** #∩#.#..'.#...##ee4.'.. .
, .......#.#...##≈1§≈##..#*
*,, .....###.#...≈≈1@4§.....
, ,,
.....###.#...##≈≈≈§##..# * ,
#.###).#.'...##[§|4§.... , ,
, #.#..#.################# ,
, #########################*
* ,
≈≈'.#.()..'.#.#.#)'...≈≈# ,
≈≈#.#.#...##.#.#.##...≈≈###*
*
§§#.#.#)).#.#.#.#.#...≈≈≈≈#
..#...#...##.#.#.##...≈≈≈≈#
,


You could see a Brimstone Fiend, an Ice Fiend, a deep elf demonologist, a deep
elf high priest, an ice devil and 2 red devils.

Vanquished Creatures
  the Lernaean hydra (D)
  Rupert (D)
  A deep elf blademaster (D)
  Dowan (D)
  A nagaraja (D)
  A deep elf demonologist (D)
  A dire elephant (D)
  Josephine (D)
  A deep elf high priest (D)
  3 hydras (D)
  A naga warrior (D)
  8 anacondas (D)
  4 death yaks (D)
  A centaur warrior (D)
  Urug (D)
  A deep elf knight (D)
  A spriggan druid (D)
  An unseen horror (D)
  A death drake (D)
  4 swamp dragons (D)
  A lindwurm (D)
  7 deep elf magi (D)
  8 black mambas (D)
  An elephant (D)
  A guardian serpent (D)
  Duvessa (D)
  2 spiny frogs (D)
  A rime drake (D)
  A komodo dragon (D)
  A queen bee (D)
  3 wandering mushrooms (D)
  2 tyrant leeches (D)
  8 blink frogs (D)
  A shadow (D)
  3 redbacks (D)
  2 spriggans (D)
  2 nagas (D)
  4 water moccasins (D)
  An orc warrior (D)
  3 swamp drakes (D)
  A necrophage (D)
  2 centaurs (D)
  An earth elemental (D)
  A water elemental (D)
  32 killer bees (D)
  An electric eel (D)
  A jelly (D)
  An orc priest (D)
  A wizard (D)
  Jessica (D)
  2 orc wizards (D)
  A necromancer (D)
  3 humans (D)
  A kobold demonologist (D)
  2 adders (D)
  An ooze (D)
  A phantom (D)
  14 orcs (D)
  A rat (D)
  A plant (D)
157 creatures vanquished.

Vanquished Creatures (collateral kills)
  Gastronok (D)
  A dire elephant (D)
  An elephant (D)
3 creatures vanquished.

Vanquished Creatures (others)
  2 draconian scorchers (D)
  A yaktaur (D)
  6 hellions (D)
  3 plants (D)
12 creatures vanquished.

Grand Total: 172 creatures vanquished

Notes
Turn   | Place    | Note
-------+----------+-------------------------------------------
     0 | D        | MikeHunt the Deep Dwarf Berserker began the quest for the
                  | Orb.
     0 | D        | Reached XP level 1. HP: 20/20 MP: 1/1
    17 | D        | Reached skill level 5 in Axes
    33 | D        | Noticed Jessica
    38 | D        | Killed Jessica
    38 | D        | Reached ** piety under Trog
    38 | D        | Reached skill level 7 in Axes
    38 | D        | Reached XP level 2. HP: 21/27 MP: 2/2
    38 | D        | Reached XP level 3. HP: 26/33 MP: 3/3
    75 | D        | Reached skill level 8 in Axes
    75 | D        | Killed a hellion
    78 | D        | Killed a hellion
    78 | D        | Killed a hellion
    80 | D        | Killed a hellion
   106 | D        | Noticed a water elemental
   117 | D        | Killed a water elemental
   117 | D        | Reached *** piety under Trog
   117 | D        | Reached skill level 10 in Axes
   117 | D        | Reached XP level 4. HP: 20/40 MP: 4/4
   124 | D        | Killed a hellion
   141 | D        | Killed a white draconian scorcher
   143 | D        | Killed a white draconian scorcher
   182 | D        | Found a basalt altar of Yredelemnul.
   182 | D        | Found a shadowy altar of Dithmenos.
   182 | D        | Found a sacrificial altar of Ru.
   182 | D        | Noticed a necrophage
   187 | D        | Reached skill level 11 in Axes
   187 | D        | Reached XP level 5. HP: 46/46 MP: 5/5
   193 | D        | Killed a necrophage
   193 | D        | Reached skill level 12 in Axes
   230 | D        | Killed a hellion
   255 | D        | Found a radiant altar of Vehumet.
   255 | D        | Found a deep blue altar of Sif Muna.
   255 | D        | Found an ancient bone altar of Kikubaaqudgha.
   258 | D        | Reached **** piety under Trog
   258 | D        | Reached skill level 13 in Axes
   259 | D        | Reached XP level 6. HP: 54/54 MP: 6/6
   324 | D        | Found a hide-covered altar of Uskayaw.
   324 | D        | Found a roughly hewn altar of Beogh.
   324 | D        | Found an iron altar of Okawaru.
   324 | D        | Found a bloodstained altar of Trog.
   324 | D        | Found an ornate altar of the Wu Jian Council.
   324 | D        | Noticed a human
   325 | D        | Noticed a human
   338 | D        | Killed a human
   340 | D        | Killed a human
   340 | D        | Reached skill level 5 in Fighting
   340 | D        | Reached skill level 14 in Axes
   340 | D        | Reached skill level 5 in Dodging
   340 | D        | Reached XP level 7. HP: 38/66 MP: 7/7
   389 | D        | Found a glowing silver altar of Zin.
   389 | D        | Found a glowing golden altar of the Shining One.
   389 | D        | Found a white marble altar of Elyvilon.
   389 | D        | Noticed a deep elf mage
   399 | D        | Killed a deep elf mage
   399 | D        | Reached ***** piety under Trog
   484 | D        | Noticed a shadow
   502 | D        | Killed a shadow
   502 | D        | Reached XP level 8. HP: 36/81 MP: 7/7
   516 | D        | Found Jieh's Antique Weapon Shoppe.
   536 | D        | Received a gift from Trog
   587 | D        | Found a blossoming altar of Fedhas.
   589 | D        | Found a stormy altar of Qazlal.
   598 | D        | Received a gift from Trog
   631 | D        | Noticed Josephine
   648 | D        | Killed Josephine
   648 | D        | Reached ****** piety under Trog
   648 | D        | Reached skill level 16 in Axes
   648 | D        | Gained mutation: You passively map the area around you.
                  | [Deep Dwarf growth]
   648 | D        | Reached XP level 9. HP: 50/90 MP: 8/8
   680 | D        | Killed a yaktaur
   688 | D        | Received a gift from Trog
   688 | D        | Reached skill level 17 in Axes
   724 | D        | Noticed a deep elf mage
   724 | D        | Noticed a deep elf mage
   724 | D        | Noticed a deep elf mage
   724 | D        | Noticed a deep elf mage
   724 | D        | Noticed a deep elf knight
   756 | D        | Killed a deep elf knight
   756 | D        | Reached skill level 18 in Axes
   758 | D        | Killed a deep elf mage
   758 | D        | Reached skill level 19 in Axes
   763 | D        | Killed a deep elf mage
   771 | D        | Killed a deep elf mage
   771 | D        | Received a gift from Trog
   782 | D        | Killed a deep elf mage
   782 | D        | Reached skill level 20 in Axes
   782 | D        | Reached XP level 10. HP: 29/98 MP: 8/8
   843 | D        | Identified the amulet of Democracy {Reflect Int+3 SH+4}
   843 | D        | Noticed a deep elf high priest
   845 | D        | Noticed a deep elf demonologist
   886 | D        | Noticed a centaur warrior
   890 | D        | Killed a centaur warrior
  1024 | D        | Killed an unseen horror
  1024 | D        | Reached skill level 10 in Fighting
  1036 | D        | Noticed Dowan
  1036 | D        | Noticed Duvessa
  1056 | D        | Killed Duvessa
  1066 | D        | Killed Dowan
  1066 | D        | Received a gift from Trog
  1066 | D        | Reached skill level 10 in Armour
  1117 | D        | Received a gift from Trog
  1117 | D        | Reached XP level 11. HP: 76/114 MP: 9/9
  1156 | D        | Received a gift from Trog
  1185 | D        | Reached skill level 10 in Dodging
  1200 | D        | Received a gift from Trog
  1207 | D        | Received a gift from Trog
  1244 | D        | Received a gift from Trog
  1321 | D        | Reached skill level 1 in Throwing
  1359 | D        | Received a gift from Trog
  1450 | D        | Noticed a lindwurm
  1456 | D        | Killed a lindwurm
  1459 | D        | Received a gift from Trog
  1513 | D        | Reached skill level 5 in Throwing
  1536 | D        | Noticed a dire elephant
  1536 | D        | Noticed a dire elephant
  1536 | D        | Noticed Gastronok
  1540 | D        | Gained mutation: Your magical capacity is low. (-10% MP)
                  | [potion of mutation]
  1540 | D        | Gained mutation: You are dopey. (Int -2) [potion of
                  | mutation]
  1540 | D        | Gained mutation: Scrolls take you a little longer to read.
                  | [potion of mutation]
  1540 | D        | Gained mutation: You possess an exceptional clarity of
                  | mind. [potion of mutation]
  1548 | D        | Received a gift from Trog
  1549 | D        | Killed a dire elephant
  1549 | D        | Killed a dire elephant
  1555 | D        | Killed Gastronok
  1555 | D        | Reached XP level 12. HP: 80/127 MP: 8/8
  1567 | D        | Got an ivory battleaxe {god gift}
  1572 | D        | Identified the +14 battleaxe "Ojelah" {god gift, elec, rN+
                  | Dex+4} (Trog gifted it to you in the Dungeon)
  1573 | D        | damn
  1587 | D        | Noticed Rupert
  1596 | D        | Killed Rupert
  1602 | D        | Noticed an azure jelly
  1602 | D        | Noticed an azure jelly
  1602 | D        | Noticed an azure jelly
  1602 | D        | Noticed an azure jelly
  1622 | D        | Noticed a death yak
  1623 | D        | Noticed a death yak
  1627 | D        | Noticed a death yak
  1629 | D        | Noticed a death yak
  1630 | D        | Killed a death yak
  1637 | D        | Killed a death yak
  1637 | D        | Received a gift from Trog
  1641 | D        | Killed a death yak
  1647 | D        | Killed a death yak
  1647 | D        | Received a gift from Trog
  1687 | D        | Noticed an anaconda
  1693 | D        | Reached skill level 15 in Armour
  1694 | D        | Killed an anaconda
  1695 | D        | Received a gift from Trog
  1699 | D        | Received a gift from Trog
  1705 | D        | Noticed an anaconda
  1714 | D        | Killed an anaconda
  1714 | D        | Reached skill level 15 in Fighting
  1721 | D        | Noticed an anaconda
  1721 | D        | Noticed an anaconda
  1721 | D        | Noticed an anaconda
  1724 | D        | Received a gift from Trog
  1725 | D        | Killed an anaconda
  1729 | D        | Killed an anaconda
  1730 | D        | Killed an anaconda
  1730 | D        | Reached skill level 10 in Throwing
  1730 | D        | Reached skill level 15 in Dodging
  1865 | D        | Noticed an anaconda
  1865 | D        | Noticed an anaconda
  1865 | D        | Noticed an anaconda
  1868 | D        | Killed an anaconda
  1868 | D        | Reached XP level 13. HP: 112/139 MP: 9/9
  1869 | D        | Received a gift from Trog
  1895 | D        | Noticed a nagaraja
  1897 | D        | Found Yxod's Antique Armour Boutique.
  1897 | D        | Found Meud's Distillery.
  1899 | D        | Received a gift from Trog
  1905 | D        | Killed a nagaraja
  1915 | D        | Found Fino's Book Shop.
  1921 | D        | Bought a potion of flight for 30 gold pieces
  1921 | D        | Bought a potion of degeneration for 10 gold pieces
  1924 | D        | Bought a potion of invisibility for 80 gold pieces
  1925 | D        | Bought a runed plate armour for 728 gold pieces
  1941 | D        | Bought a pair of gloves for 126 gold pieces
  1962 | D        | Got a serpentine rune of Zot
  2065 | D        | Received a gift from Trog
  2066 | D        | Noticed Urug
  2070 | D        | Killed Urug
  2141 | D        | Received a gift from Trog
  2324 | D        | Noticed the 27-headed Lernaean hydra
  2358 | D        | Killed the 18-headed Lernaean hydra
  2358 | D        | Received a gift from Trog
  2360 | D        | Received a gift from Trog
  2371 | D        | Found Xidazaox's Jewellery Emporium.
  2371 | D        | Found Hoselyg's Distillery.
  2372 | D        | Found Uziaforr's Antique Armour Shoppe.
  2381 | D        | Got a decaying rune of Zot
  2392 | D        | Bought a +4 ring of evasion for 432 gold pieces
  2419 | D        | Found a blossoming altar of Fedhas.
  2636 | D        | Bought a potion of flight for 42 gold pieces
  2636 | D        | Bought a potion of flight for 42 gold pieces
  2738 | D        | Noticed a deep elf blademaster
  2740 | D        | Noticed a deep elf demonologist
  2754 | D        | Noticed an Ice Fiend
  2754 | D        | Noticed a Tzitzimitl
  2755 | D        | Noticed a Brimstone Fiend
  2757 | D        | Killed a deep elf demonologist
  2757 | D        | Killed a deep elf blademaster
  2757 | D        | Gained mutation: You resist negative energy. (rN+) [Deep
                  | Dwarf growth]
  2757 | D        | Reached XP level 14. HP: 56/153 MP: 8/8
  2759 | D        | Annihilated by an Ice Fiend

Levels and vault maps discovered:
D:        dungeon_sprint_mu [sprint_mu_entry_cave, sprint_mu_temple_rooms,
          sprint_mu_d1_horrors, sprint_mu_d2_genie, sprint_mu_d3_branching,
          sprint_mu_orc_legion, sprint_mu_elf_gauntlet, sprint_mu_hive_nellie,
          sprint_mu_lair_fedhas, sprint_mu_vaults_butterflies,
          sprint_mu_slime_circle, sprint_mu_swamp_cave, sprint_mu_snake_twists,
          sprint_mu_blade_basic, sprint_mu_crypt_fortress,
          sprint_mu_tomb_spiral, sprint_mu_vestibule_basic,
          sprint_mu_gehenna_hellfire, sprint_mu_dis_giant,
          sprint_mu_tartarus_statrot, sprint_mu_cocytus_islands, sprint_mu_zot1]

Skill      XL: |  1  2  3  4  5  6  7  8  9 10 11 12 13 |
---------------+----------------------------------------+-----
Axes           | 7 10 11 13 14 16 20 | 20.1
Fighting       | 5 8 11 13 15 17 | 17.2
Dodging        | 5 9 12 15 17 | 17.7
Armour         | 3 10 13 15 18 | 18.3
Throwing       | 6 10 13 | 13.2

Action                   |  1- 3 |  4- 6 |  7- 9 | 10-12 | 13-15 || total
-------------------------+-------+-------+-------+-------+-------++-------
Melee: Hand axe          |    35 |    25 |    44 |       |       ||   104
       Battleaxe         |       |       |    60 |   321 |    86 ||   467
       War axe           |       |       |     9 |       |       ||     9
Throw: Javelin           |       |       |       |    14 |       ||    14
       Tomahawk          |       |       |       |       |     4 ||     4
Invok: Berserk           |     2 |     3 |     3 |     5 |     3 ||    16
       Trog's Hand       |       |       |     2 |    16 |     7 ||    25
       Brothers in Arms  |       |       |       |     1 |       ||     1
 Abil: Heal Wounds       |     1 |     1 |     7 |     1 |     3 ||    13
  Use: Potion            |       |       |       |     1 |     3 ||     4
 Stab: Sleeping          |     1 |       |       |       |       ||     1
       Invisible         |       |       |       |       |     5 ||     5
  Eat: Chunk             |       |     2 |     4 |    14 |     5 ||    25
       Ration            |       |       |       |     1 |     1 ||     2
Armor: Animal skin       |     5 |     2 |       |       |       ||     7
       Ring mail         |       |       |     5 |       |       ||     5
       Chain mail        |       |       |    11 |    84 |     3 ||    98
       Plate armour      |       |       |       |       |    82 ||    82
Dodge: Dodged            |     9 |     3 |    39 |   196 |   122 ||   369

Table legend:
 A = Non-vault XP
 B = Vault XP
 C = Vault XP percentage of total XP
 D = Non-vault monster count
 E = Vault monster count
 F = Vault count percentage of total count
                 A         B        C        D         E       F
            +---------+---------+-------+---------+---------+-------
      Total |       0 |   65352 | 100.0 |       0 |     159 | 100.0
            +---------+---------+-------+---------+---------+-------
          D |       0 |   65352 | 100.0 |       0 |     159 | 100.0
            +---------+---------+-------+---------+---------+-------
